 Dungeon Crawl Stone Soup version 0.25-a0-589-g1e14c549ee (webtiles) character file.

Game seed: 14854455821044099575, levelgen mode: deterministic

560 Essalna the Digger (level 7, -28/36 HPs)
             Began as a Gargoyle Earth Elementalist on Mar 8, 2020.
             Killed from afar by a crimson imp (47 damage)
             ... with an exploding inner flame
             ... hexed by the player character
             ... on level 5 of the Dungeon on Mar 9, 2020.
             The game lasted 00:11:52 (4501 turns).

Essalna the Digger (Gargoyle Earth Elementalist)    Turns: 4501, Time: 00:11:53

Health: -28/36     AC:  7    Str: 12    XL:     7   Next: 31%
Magic:  5/14       EV: 12    Int: 17    God:
Gold:   176        SH:  0    Dex: 10    Spells: 12/16 levels left

rFire    . . .     SeeInvis .   g - +0 whip
rCold    . . .     Gourm    .   (no shield)
rNeg     + . .     Faith    .   c - +0 robe
rPois    ∞         Spirit   .   (no helmet)
rElec    +         Reflect  .   s - +0 cloak
rCorr    .         Harm     .   (no gloves)
MR       .....                  (no boots)
Stlth    ++........             (no amulet)
HPRegen  0.12/turn              (no ring)
MPRegen  0.14/turn              (no ring)

@: no status effects
A: negative energy resistance 1, electricity resistance, unbreathing,
petrification resistance, rot immunity, AC +4
a: no special abilities


You were on level 5 of the Dungeon.
You were not hungry.

You visited 2 branches of the dungeon, and saw 6 of its levels.

You collected 176 gold pieces.

Inventory:

Hand Weapons
 g - a +0 whip (weapon)
Missiles
 r - 26 stones (quivered)
Armour
 c - a +0 robe (worn)
 s - a +0 cloak (worn)
Scrolls
 a - a scroll of magic mapping
 k - 3 scrolls of identify
 n - a scroll of fear {unknown}
 o - 2 scrolls of enchant armour {unknown}
 p - a scroll of noise {unknown}
 q - a scroll of blinking {unknown}
Potions
 b - a potion of degeneration
 e - 2 potions of mutation {unknown}
 h - 3 potions of heal wounds {unknown}
 i - a potion of resistance {unknown}
 j - a potion of curing {unknown}
 m - 2 potions of haste
Comestibles
 d - 12 rations


   Skills:
 - Level 1.5 Dodging
 - Level 2.1 Stealth
 + Level 5.2 Spellcasting
   Level 0.7 Transmutations
 + Level 7.4 Earth Magic


You had 12 spell levels left.
You knew the following spells:

 Your Spells              Type           Power        Failure   Level  Hunger
a - Sandblast             Erth           ####..       1%          1    None
b - Stone Arrow           Conj/Erth      ###...       9%          3    ###....

Your spell library contained the following spells:

 Spells                   Type           Power        Failure   Level  Hunger
 Passwall                 Tmut/Erth      ###.....     4%          2    #......
 Lee's Rapid Deconstruct  Erth           ####......   19%         5    ######.
 Petrify                  Tmut/Erth      ###.....     26%         4    ####...


Dungeon Overview and Level Annotations

Branches:
Dungeon (5/15)             Temple (1/1) D:4

Altars:
Ashenzari
Dithmenos
Fedhas
Hepliaklqana
Kikubaaqudgha
Makhleb
Nemelex Xobeh
Okawaru
Qazlal
Ru
Sif Muna
Trog
Wu Jian
Zin


Innate Abilities, Weirdness & Mutations

You are resistant to torment.
Your stone body is resilient. (AC +4)
You are immune to poison.
You resist negative energy. (rN+)
You are resistant to electric shocks. (rElec)
You can survive without breathing.
You are immune to petrification.
You are immune to rotting.


Message History

The blast of sand hits the crimson imp.
Flame seeps out of the crimson imp.
The crimson imp is heavily wounded.
r - 27 stones
Casting: Sandblast (safe; 1% risk of failure)
Confirm with . or Enter, or press ? or * to list all spells.
Aiming: Sandblast (safe; 1% risk of failure)
Press: ? - help, Shift-Dir - straight line, f/p - crimson imp
Aim: a crimson imp, wearing a +0 robe (moderately wounded, inner flame)
The blast of sand misses the crimson imp.
r - 26 stones
Casting: Sandblast (safe; 1% risk of failure)
Confirm with . or Enter, or press ? or * to list all spells.
Aiming: Sandblast (safe; 1% risk of failure)
Press: ? - help, Shift-Dir - straight line, f/p - crimson imp
Aim: a crimson imp, wearing a +0 robe (moderately wounded, inner flame)
The blast of sand hits the crimson imp!!
The crimson imp explodes!
The fiery explosion engulfs you!!!
Ouch! That really hurt!
You die...

*,,,,,.......,,,*,,,,,,,,,,,*,,*,
*,,,,,,.........*,,,,,,,,,,,*,,*,
*,,,,,,........,*,,,,,,,,,,,*,,*,
*,,*,,*#..##..#***,,**,******,***
**######..##..####+###+########**
#.......#...#..°............#,,
#.......#...#§..............#,,
#.......#...#.§§.......>....#..
#......s's..#§@§............#..
*###.###'###.###.##'####.####'#*#
.#...###.###.###'##.####.###..###
...............○.°....#...#......
......?..#.....§......#...#......
###...................#...#......
,*#...%.###...#####.##########.##
,*#...#.#,#.#.#***#+#**** #.##
,.......#,#.....,,,,,,,,* #...


There were no monsters in sight!

Vanquished Creatures
  An ice beast (D:5)
  A necrophage (D:5)
  An orc priest (D:4)
  A centaur skeleton (D:4)
  A hound (D:2)
  Jessica (D:2)
  Natasha (thrice) (D:2)
  A worker ant (D:5)
  A hound zombie (D:5)
  5 adders
  An ooze (D:2)
  An adder skeleton (D:4)
  6 worms
  A dart slug (D:1)
  5 leopard geckos
  9 orcs
  9 bats
  5 giant cockroaches
  9 hobgoblins
  A jackal (D:5)
  A quokka (D:2)
  4 ball pythons
  2 frilled lizards
  7 goblins
  7 kobolds
  3 rats
87 creatures vanquished.

Notes
Turn   | Place    | Note
-------+----------+-------------------------------------------
     0 | D:1      | Essalna the Gargoyle Earth Elementalist began the quest for
                  | the Orb.
     0 | D:1      | Reached XP level 1. HP: 10/10 MP: 3/3
   382 | D:1      | Reached skill level 4 in Earth Magic
   382 | D:1      | Reached XP level 2. HP: 11/15 MP: 0/5
   939 | D:1      | Reached XP level 3. HP: 19/19 MP: 3/6
  1323 | D:2      | Noticed Jessica
  1329 | D:2      | Killed Jessica
  1329 | D:2      | Reached XP level 4. HP: 24/24 MP: 0/8
  1338 | D:2      | Reached skill level 5 in Earth Magic
  1465 | D:2      | Reached XP level 5. HP: 18/28 MP: 5/10
  1728 | D:2      | Noticed Natasha
  1734 | D:2      | Killed Natasha
  1926 | D:2      | Noticed Natasha
  1931 | D:2      | Killed Natasha
  1948 | D:2      | Noticed Natasha
  1956 | D:2      | Killed Natasha
  1956 | D:2      | Reached skill level 6 in Earth Magic
  1956 | D:2      | Reached XP level 6. HP: 14/32 MP: 6/12
  2517 | D:3      | Found a sparkling altar of Nemelex Xobeh.
  2670 | D:3      | Found a blossoming altar of Fedhas.
  3317 | D:4      | Found a staircase to the Ecumenical Temple.
  3333 | Temple   | Entered the Ecumenical Temple
  3466 | D:4      | Found a hazy altar of Hepliaklqana.
  3524 | D:4      | Noticed an orc warrior
  3639 | D:4      | Found a stormy altar of Qazlal.
  3641 | D:4      | Noticed a fire elemental
  3641 | D:4      | Noticed an air elemental
  3641 | D:4      | Noticed a water elemental
  3978 | D:3      | Learned a level 3 spell: Stone Arrow
  4030 | D:4      | Found a shattered altar of Ashenzari.
  4136 | D:5      | Entered Level 5 of the Dungeon
  4218 | D:5      | Noticed an ice beast
  4236 | D:5      | Killed an ice beast
  4236 | D:5      | Reached XP level 7. HP: 13/36 MP: 0/14
  4450 | D:5      | Reached skill level 5 in Spellcasting
  4450 | D:5      | Reached skill level 7 in Earth Magic
  4475 | D:5      | Upgraded the game from 0.25-a0-583-g696c2ac64d to
                  | 0.25-a0-589-g1e14c549ee
  4501 | D:5      | Killed from afar by a crimson imp

Levels and vault maps discovered:
D:1:      kennysheep_arrival_seaside, layout_basic
D:2:      layout_loops_ring, uniq_natasha, uniq_jessica
D:3:      layout_loops_ring, overflow_temple_1_default,
          nemelex_xobeh_ov_fountains_minmay
D:4:      layout_loops_ring, cheibrodos_ashenzari_chains,
          lemuel_coloured_pillars_altar, nicolae_qazlal_style_of_elements,
          minmay_temple_entry_glassed_door, first_ration
D:5:      layout_gridville, minmay_fractal_squares_5
Temple:   dpeg_three_leaves_temple

Skill      XL: |  1  2  3  4  5  6  7 |
---------------+----------------------+-----
Earth Magic    | 4 5 6 7 |  7.4
Spellcasting   | 3 4 5 |  5.2
Dodging        | |  1.5
Stealth        | |  2.1
Transmutations | |  0.7

Action                   |  1- 3 |  4- 6 |  7- 9 || total
-------------------------+-------+-------+-------++-------
Melee: Unarmed           |    19 |       |       ||    19
       Whip              |    41 |   142 |    34 ||   217
 Cast: Sandblast         |    23 |    58 |     3 ||    84
       Stone Arrow       |       |     3 |     4 ||     7
  Use: Scroll            |       |       |     4 ||     4
 Stab: Sleeping          |     2 |     4 |       ||     6
  Eat: Chunk             |     1 |     9 |       ||    10
       Ration            |       |       |     1 ||     1
Armor: Robe              |    27 |    71 |    15 ||   113
Dodge: Dodged            |    63 |   126 |    33 ||   222

Table legend:
 A = Non-vault XP
 B = Vault XP
 C = Vault XP percentage of total XP
 D = Non-vault monster count
 E = Vault monster count
 F = Vault count percentage of total count
                 A         B        C        D         E       F
            +---------+---------+-------+---------+---------+-------
      Total |     545 |     255 |  31.9 |      78 |       9 |  10.3
            +---------+---------+-------+---------+---------+-------
        D:1 |      39 |       0 |   0.0 |      22 |       0 |   0.0
        D:2 |     224 |      72 |  24.3 |      33 |       2 |   5.7
        D:3 |      31 |       0 |   0.0 |      10 |       0 |   0.0
        D:4 |     123 |       0 |   0.0 |      11 |       0 |   0.0
        D:5 |     128 |     183 |  58.8 |       2 |       7 |  77.8
            +---------+---------+-------+---------+---------+-------
